 Dungeon Crawl Stone Soup version 0.23.2 (webtiles) character file.

Game seed: 4777854361041428432

515 Kairos the Grave Robber (level 7, -2/50 HPs)
             Began as a Gnoll Necromancer on Apr 9, 2019.
             Slain by Blork the orc
             ... wielding a +2 battleaxe of flaming
              (9 damage)
             ... on level 5 of the Dungeon.
             The game lasted 00:12:05 (4563 turns).

Kairos the Grave Robber (Gnoll Necromancer)         Turns: 4563, Time: 00:12:05

Health: -2/50      AC:  8    Str:  8    XL:     7   Next: 20%
Magic:  9/15       EV: 10    Int: 22    God:
Gold:   244        SH:  0    Dex: 17    Spells: 10/17 levels left

rFire    . . .     SeeInvis .   w - staff of wizardry
rCold    + . .     Gourm    .   (no shield)
rNeg     . . .     Faith    .   a - +1 scale mail {rC+}
rPois    .         Spirit   .   (no helmet)
rElec    .         Reflect  .   (no cloak)
rCorr    .         Harm     .   (no gloves)
MR       +....                  g - +0 pair of boots
Stlth    ++........             (no amulet)
HPRegen  0.16/turn              k - ring of flight
MPRegen  0.14/turn              d - ring of protection from magic

@: very slightly contaminated
A: distributed training, fangs 1, agile 1, blink, clever 1, weak 1, evolution 1,
strong nose
a: Blink, Evoke Flight


You were on level 5 of the Dungeon.
You were not hungry.

You visited 1 branch of the dungeon, and saw 5 of its levels.

You collected 244 gold pieces.

Inventory:

Hand Weapons
 h - a +0 spear
 i - a +0 hand axe of holy wrath
 p - a +3 short sword of venom
 y - a +1 flail of protection
Missiles
 l - 5 poisoned tomahawks (quivered)
 n - 4 tomahawks of returning
Armour
 a - a +1 scale mail of cold resistance (worn)
 g - a +0 pair of boots (worn)
 j - a +0 leather armour
Magical Staves
 w - an uncursed staff of wizardry (weapon)
Jewellery
 d - a ring of protection from magic (right hand)
 k - a ring of flight (left hand)
Wands
 t - a wand of clouds (6)
Scrolls
 b - 3 scrolls of remove curse
 f - a scroll of fog
 o - a scroll of teleportation
 v - a scroll of identify
Potions
 e - a potion of agility
 m - a potion of ambrosia
 q - a potion of cancellation {unknown}
 s - 2 potions of curing
 u - 2 potions of brilliance {unknown}
 x - a potion of berserk rage {unknown}
 z - a potion of might
Comestibles
 c - 4 rations


   Skills:
 + Level 2.3 Fighting
 + Level 2.3 Short Blades
 + Level 2.3 Long Blades
 + Level 2.3 Axes
 + Level 2.3 Maces & Flails
 + Level 2.3 Polearms
 + Level 2.3 Staves
 + Level 2.3 Slings
 + Level 2.3 Bows
 + Level 2.3 Crossbows
 + Level 2.3 Throwing
 + Level 2.3 Armour
 + Level 5.1 Dodging
 + Level 4.8 Stealth
 + Level 2.3 Shields
 + Level 2.3 Unarmed Combat
 + Level 5.5 Spellcasting
 + Level 1.8 Conjurations
 + Level 1.8 Hexes
 + Level 1.8 Charms
 + Level 1.8 Summonings
 + Level 7.3 Necromancy
 + Level 1.8 Translocations
 + Level 1.8 Transmutations
 + Level 1.8 Fire Magic
 + Level 1.8 Ice Magic
 + Level 1.8 Air Magic
 + Level 1.8 Earth Magic
 + Level 1.8 Poison Magic
 + Level 2.5 Invocations
 + Level 2.3 Evocations


You had 10 spell levels left.
You knew the following spells:

 Your Spells              Type           Power        Failure   Level  Hunger
a - Pain                  Necr           ####         1%          1    None
b - Regeneration          Chrm/Necr      ####......   16%         3    ##.....
c - Vampiric Draining     Necr           #####.....   5%          3    ##.....

Your spell library contained the following spells:

 Spells                   Type           Power        Failure   Level  Hunger
 Animate Skeleton         Necr           N/A          1%          1    None
 Animate Dead             Necr           N/A          16%         4    ####...


Dungeon Overview and Level Annotations

Branches:
Dungeon (5/15)
 Temple: D:4-7

Altars:
Ashenzari
Elyvilon
Hepliaklqana
Zin
The Shining One

Annotations:
D:5 Blork the orc


Innate Abilities, Weirdness & Mutations

Your experience applies equally to all skills.
You have very sharp teeth.
Your uncanny sense of smell can sniff out nearby items.
You are agile. (Dex +2)
You can translocate small distances at will.
Your mind is acute. (Int +2)
You are weak. (Str -2)
You evolve.


Message History

Blork the orc closely misses you.
The worker ant waves its antennae.
The worker ant bites you but does no damage.
Blork the orc hits you but does no damage.
Blork the orc hits you but does no damage.
There is a stone staircase leading up here.
A worker ant comes into view.
Blork the orc hits you with a +2 battleaxe of flaming!
* * * LOW HITPOINT WARNING * * *
Blork the orc burns you.
* * * LOW HITPOINT WARNING * * *
The worker ant twitches its antennae in your direction.
Found an escape hatch in the ceiling.
Blork the orc hits you but does no damage.
The orc wizard looks braver for a moment.
The worker ant bites you but does no damage.
The worker ant barely misses you.
There is a stone staircase leading up here.
Blork the orc hits you with a +2 battleaxe of flaming!
You die...

# #.##########
#.#........# #..
..........# #...#
#......<.#
#...#########.a......#
#..............o@....#
#... ####....a.....#
#..#######..#........#
#..#.o..oo...........#
#........o(..........#
..o#.........#########
...#.........#
...###.#.#####
.o.......############


You could see Blork the orc, 2 worker ants, an orc wizard and an orc.

Vanquished Creatures
  Edmund (D:5)
  An ogre (D:4)
  A howler monkey (D:4)
  3 worker ants
  A hound skeleton (D:4)
  4 gnolls (D:4)
  6 adders
  2 oozes
  2 worms (D:2)
  5 dart slugs
  5 leopard geckos
  7 orcs
  2 ball pythons
  4 giant cockroaches
  9 goblins
  5 hobgoblins
  2 jackals (D:4)
  A quokka (D:2)
  4 bats
  12 frilled lizards
  6 kobolds
  5 rats
88 creatures vanquished.

Notes
Turn   | Place    | Note
-------+----------+-------------------------------------------
     0 | D:1      | Kairos the Gnoll Necromancer began the quest for the Orb.
     0 | D:1      | Reached XP level 1. HP: 13/13 MP: 6/6
   163 | D:1      | Reached XP level 2. HP: 19/19 MP: 5/7
   590 | D:1      | Reached XP level 3. HP: 22/25 MP: 7/9
   702 | D:1      | Reached skill level 5 in Spellcasting
   709 | D:1      | Learned a level 3 spell: Regeneration
   713 | D:1      | Learned a level 3 spell: Vampiric Draining
  1095 | D:2      | Reached skill level 1 in Invocations
  1112 | D:2      | Found a glowing golden altar of the Shining One.
  1113 | D:2      | Found a glowing silver altar of Zin.
  1128 | D:2      | Found a white marble altar of Elyvilon.
  1161 | D:2      | Reached skill level 1 in Fighting
  1161 | D:2      | Reached skill level 1 in Short Blades
  1161 | D:2      | Reached skill level 1 in Long Blades
  1161 | D:2      | Reached skill level 1 in Axes
  1161 | D:2      | Reached skill level 1 in Maces & Flails
  1161 | D:2      | Reached skill level 1 in Polearms
  1161 | D:2      | Reached skill level 1 in Staves
  1161 | D:2      | Reached skill level 1 in Slings
  1161 | D:2      | Reached skill level 1 in Bows
  1161 | D:2      | Reached skill level 1 in Crossbows
  1161 | D:2      | Reached skill level 1 in Throwing
  1161 | D:2      | Reached skill level 1 in Armour
  1161 | D:2      | Reached skill level 1 in Shields
  1161 | D:2      | Reached skill level 1 in Unarmed Combat
  1161 | D:2      | Reached skill level 1 in Evocations
  1276 | D:2      | Reached XP level 4. HP: 16/32 MP: 1/11
  1878 | D:2      | Gained mutation: Your mind is acute. (Int +2) [potion of
                  | mutation]
  1878 | D:2      | Gained mutation: You are weak. (Str -2) [potion of
                  | mutation]
  1878 | D:2      | Gained mutation: You evolve. [potion of mutation]
  1878 | D:2      | Gained mutation: You can translocate small distances at
                  | will. [potion of mutation]
  1934 | D:3      | Reached skill level 1 in Conjurations
  1934 | D:3      | Reached skill level 1 in Hexes
  1934 | D:3      | Reached skill level 1 in Charms
  1934 | D:3      | Reached skill level 1 in Summonings
  1934 | D:3      | Reached skill level 1 in Translocations
  1934 | D:3      | Reached skill level 1 in Transmutations
  1934 | D:3      | Reached skill level 1 in Fire Magic
  1934 | D:3      | Reached skill level 1 in Ice Magic
  1934 | D:3      | Reached skill level 1 in Air Magic
  1934 | D:3      | Reached skill level 1 in Earth Magic
  1934 | D:3      | Reached skill level 1 in Poison Magic
  1940 | D:3      | Found a hazy altar of Hepliaklqana.
  2246 | D:3      | Found a white marble altar of Elyvilon.
  2305 | D:3      | Gained mutation: You are agile. (Dex +2) [evolution]
  2310 | D:3      | Reached XP level 5. HP: 35/37 MP: 8/12
  3146 | D:4      | Noticed an ogre
  3498 | D:4      | Reached XP level 6. HP: 36/44 MP: 13/13
  3583 | D:4      | Reached skill level 5 in Dodging
  3947 | D:4      | Found a shattered altar of Ashenzari.
  4237 | D:5      | Entered Level 5 of the Dungeon
  4303 | D:5      | Noticed Edmund
  4313 | D:5      | Killed Edmund
  4313 | D:5      | Reached XP level 7. HP: 50/50 MP: 2/15
  4356 | D:5      | Noticed Blork the orc
  4563 | D:5      | Slain by Blork the orc

Skill      XL: |  1  2  3  4  5  6 |
---------------+-------------------+-----
Spellcasting   | 5 |  5.5
Invocations    | 1 2 |  2.5
Fighting       | 1 2 |  2.3
Short Blades   | 1 2 |  2.3
Long Blades    | 1 2 |  2.3
Axes           | 1 2 |  2.3
Maces & Flails | 1 2 |  2.3
Polearms       | 1 2 |  2.3
Staves         | 1 2 |  2.3
Slings         | 1 2 |  2.3
Bows           | 1 2 |  2.3
Crossbows      | 1 2 |  2.3
Throwing       | 1 2 |  2.3
Armour         | 1 2 |  2.3
Shields        | 1 2 |  2.3
Unarmed Combat | 1 2 |  2.3
Evocations     | 1 2 |  2.3
Conjurations   | 1 |  1.8
Hexes          | 1 |  1.8
Charms         | 1 |  1.8
Summonings     | 1 |  1.8
Translocations | 1 |  1.8
Transmutations | 1 |  1.8
Fire Magic     | 1 |  1.8
Ice Magic      | 1 |  1.8
Air Magic      | 1 |  1.8
Earth Magic    | 1 |  1.8
Poison Magic   | 1 |  1.8
Dodging        | 5 |  5.1
Stealth        | |  4.8
Necromancy     | |  7.3

Action                   |  1- 3 |  4- 6 |  7- 9 || total
-------------------------+-------+-------+-------++-------
Melee: Short sword       |       |    15 |       ||    15
       Bite              |       |     4 |       ||     4
       Hand axe          |       |    14 |       ||    14
       Staff             |       |     3 |       ||     3
Throw: Tomahawk          |       |     3 |       ||     3
 Cast: Pain              |    61 |   100 |    10 ||   171
       Regeneration      |       |     4 |       ||     4
       Vampiric Draining |       |     1 |     1 ||     2
  Use: Potion            |       |     4 |       ||     4
       Scroll            |       |     7 |       ||     7
 Stab: Sleeping          |       |     1 |       ||     1
  Eat: Chunk             |       |     6 |     2 ||     8
       Ration            |       |     1 |       ||     1
Armor: Leather armour    |     1 |    18 |       ||    19
       Scale mail        |       |       |    11 ||    11
Dodge: Dodged            |    10 |    41 |     5 ||    56
